 Dungeon Crawl Stone Soup version 0.18-a0-1805-g8ab820f (webtiles) character file.

1223 M4edhros the Covert (level 8, 0/53 HPs)
             Began as a Vampire Transmuter on Apr 26, 2016.
             Was an Initiate of Cheibriados.
             Succumbed to a water moccasin's poison
             ... on level 7 of the Dungeon.
             The game lasted 00:15:46 (2585 turns).

M4edhros the Covert (Vampire Transmuter)            Turns: 2585, Time: 00:15:47

Health: 0/53       AC: 13    Str: 14 (15) XL:     8   Next: 23%
Magic:  20/20      EV:  5    Int: 13 (16) God:    Cheibriados [......]
Gold:   126        SH:  0    Dex: 16 (18) Spells: 1 memorised, 10 levels left

rFire  . . .     SeeInvis +       - Unarmed
rCold  . . .     Gourm    .     i - +0 plate armour
rNeg   . . .     Faith    .     (no shield)
rPois  .         Spirit   .     N - +0 helmet
rElec  .         Dismiss  .     F - +0 cloak
rCorr  .         Reflect  .     (no gloves)
SustAt .         Harm     .     (no boots)
MR     .....     Rnd*Tele +     (no amulet)
Stlth  ..........               z - +3 ring of strength
                                g - ring of magical power

@: lethally poisoned (0 -> -9), very slightly contaminated, regenerating very
quickly, invisible, very slow, not resistant to hostile enchantments, extremely
unstealthy
A: fangs 3, icy blue scales 1, see invisible, agile 1, teleportitis 1,
unbreathing
a: Bend Time, Renounce Religion


You were on level 7 of the Dungeon.
You worshipped Cheibriados.
Cheibriados was noncommittal.
You were almost alive.

You visited 1 branch of the dungeon, and saw 7 of its levels.
You also visited: Sewer and Ossuary.

You collected 126 gold pieces.

Inventory:

Hand Weapons
 A - a +2 spear of freezing
 C - a +0 dagger of venom
 G - a +0 hunting sling
Missiles
 a - 70 arrows
 s - 7 javelins (quivered)
 v - 9 poisoned needles
 y - 40 sling bullets
 E - 6 tomahawks
Armour
 b - a +0 robe
 i - a +0 plate armour (worn)
 F - a +0 cloak (worn)
 N - a +0 helmet (worn)
Jewellery
 e - an uncursed ring of stealth
 g - a ring of magical power (left hand)
 j - an uncursed ring of ice
 z - a +3 ring of strength (right hand)
Wands
 u - a wand of random effects (8/48)
Scrolls
 d - 2 scrolls of blinking {unknown}
 f - a scroll of enchant armour {unknown}
 h - a scroll of magic mapping
 k - 2 scrolls of recharging {unknown}
 l - 6 scrolls of identify {unknown}
 n - 4 scrolls of teleportation {unknown}
 r - a scroll of fog {unknown}
 t - a scroll of remove curse
 w - 2 scrolls of amnesia {unknown}
 x - 2 scrolls of immolation {unknown}
Potions
 m - 2 potions of flight
 o - a potion of blood
 p - a potion of magic
 D - a potion of brilliance
 J - 2 potions of haste
 L - a potion of might
 M - a potion of invisibility
Books
 c - a book of Changes

   Spells                             Type                      Level
   a - Beastly Appendage              Transmutation                1
   b - Sticks to Snakes               Transmutation                2
   c - Spider Form                    Transmutation/Poison         3
   d - Ice Form                       Ice/Transmutation            4
   e - Blade Hands                    Transmutation                5


   Skills:
 - Level 0.8 Fighting
 + Level 5.2 Dodging
 - Level 8.5 Stealth
 + Level 8.3 Unarmed Combat
 - Level 2.0 Spellcasting
 - Level 2.1 Transmutations


You had 10 spell levels left.
You knew the following spells:

 Your Spells              Type           Power        Failure   Level  Hunger
a - Beastly Appendage     Trmt           #.....       100%        1    ##.....


Dungeon Overview and Level Annotations

Branches:
Dungeon (7/15)             Temple (0/1) D:6

Altars:
Cheibriados
Pakellas
Trog
Zin

Annotations:
D:7 exclusion: ice statue


Innate Abilities, Weirdness & Mutations

Your natural rate of healing is extremely fast.
You have razor-sharp teeth.
You have supernaturally acute eyesight.
You can survive without breathing.
You are partially covered in icy blue scales (AC +1).
You are agile. (Dex +2)
You are occasionally teleported next to monsters.


Message History

Drink which item? (? for menu, Esc to quit)
Yummy - fresh blood!
* * * LOW HITPOINT WARNING * * *
You feel sick.
Unknown command.
Drink which item? (? for menu, Esc to quit)
Yummy - fresh blood!
* * * LOW HITPOINT WARNING * * *
You feel sick.
Read which item? (? for menu, Esc to quit)
Okay, then.
Evoke which item? (* to show all) (? for menu, Esc to quit)
Okay, then.
Okay, then.
* * * LOW HITPOINT WARNING * * *
You feel very sick.
* * * LOW HITPOINT WARNING * * *
You feel sick.
Unknown command.
You die...

....# ♣♣###..# # ....# ##..# #
#...# #...# # #...#########
######.## #
#...........####...##.###### #
............................. #
#.......#..#####.#..#.#...... #
......................######. #
................@.....# ##
#.###<..#..#########.(# #.. #.
..............# #. #[.# #...#.
#.#######..##.###.##..######...#.
...................>.........#.
#######..##.###..............#.
#..# # #................ ...#
#....†)##.##..##. ...#
#...#..##.##.....


There were no monsters in sight!

Vanquished Creatures
  A water moccasin (D:7)
  A centaur (D:7)
  A big kobold (D:7)
  Blork the orc (D:6)
  5 water moccasin zombies (Ossuary)
  3 scorpions
  2 crimson imps (D:6)
  2 hounds (D:7)
  A centaur skeleton (D:4)
  An iguana (D:4)
  2 worker ants (D:7)
  A big kobold zombie (Ossuary)
  A hound zombie (D:7)
  3 mummies
  A worker ant zombie (D:7)
  6 adders
  A river rat (Sewer)
  4 oozes
  6 adder zombies (Ossuary)
  2 dart slugs
  5 giant geckos
  4 orcs
  3 bats
  3 giant cockroaches
  2 gnoll zombies (Ossuary)
  2 goblins
  2 hobgoblins (D:3)
  5 jackals
  3 ball pythons (Sewer)
  2 giant gecko skeletons
  2 giant newts
  5 hobgoblin zombies (Ossuary)
  13 kobolds
  A kobold zombie (Ossuary)
  6 orc zombies (Ossuary)
  A quokka zombie (D:6)
  6 rats
110 creatures vanquished.

Vanquished Creatures (others)
  A rakshasa (D:7)
1 creature vanquished.

Grand Total: 111 creatures vanquished

Notes
Turn   | Place    | Note
--------------------------------------------------------------
     0 | D:1      | M4edhros the Vampire Transmuter began the quest for the Orb.
     0 | D:1      | Reached XP level 1. HP: 14/14 MP: 3/3
    33 | D:1      | Reached skill level 1 in Stealth
    58 | D:1      | Reached XP level 2. HP: 20/20 MP: 5/5
   424 | D:3      | Found a glowing drain.
   428 | Sewer    | Entered a sewer
   443 | Sewer    | Reached XP level 3. HP: 19/25 MP: 6/6
   491 | Sewer    | HP: 1/25 [poisoned by an adder]
   649 | Sewer    | Reached XP level 4. HP: 25/31 MP: 7/7
   956 | D:4      | Reached skill level 5 in Stealth
   979 | D:4      | Reached skill level 5 in Unarmed Combat
   979 | D:4      | Reached XP level 5. HP: 24/36 MP: 8/8
  1311 | D:5      | Entered Level 5 of the Dungeon
  1358 | D:6      | Noticed Blork the orc
  1375 | D:6      | Killed Blork the orc
  1375 | D:6      | Reached XP level 6. HP: 29/42 MP: 9/9
  1602 | D:6      | Found a staircase to the Ecumenical Temple.
  1668 | D:7      | Noticed an ice statue
  1691 | D:7      | Reached XP level 7. HP: 15/47 MP: 10/10
  1699 | D:7      | Found an oddly glowing altar of Pakellas.
  1699 | D:7      | Noticed a rakshasa
  1713 | D:7      | Killed a rakshasa
  1819 | D:7      | Found a sand-covered staircase.
  1833 | Ossuary  | Entered an ossuary
  2425 | D:7      | Reached XP level 8. HP: 28/53 MP: 11/11
  2446 | D:7      | Found a glowing silver altar of Zin.
  2448 | D:7      | Found a snail-covered altar of Cheibriados.
  2450 | D:7      | Found a bloodstained altar of Trog.
  2454 | D:7      | Became a worshipper of Cheibriados the Contemplative
  2575 | D:7      | Reached skill level 5 in Dodging
  2576 | D:7      | Gained mutation: You are occasionally teleported next to monsters. [potion of mutation]
  2576 | D:7      | Gained mutation: You are agile. (Dex +2) [potion of mutation]
  2576 | D:7      | Gained mutation: You are partially covered in icy blue scales (AC +1). [potion of mutation]
  2584 | D:7      | HP: 2/53 [poisoned by a water moccasin]
  2585 | D:7      | Succumbed to a water moccasin's poison

Vault maps used:
D:1:      dpeg_arrival_ternary, serial_bayou_crossing
D:2:      tgw_fedhas, uniq_terence
D:3:      gup_sewer_entry_bowl, first_bread, columned_hall_lemuel
D:4:      led_sif_book
D:5:      gammafunk_temple_overflow_wave, st_stairs_4, minmay_misc_feat_cross
D:6:      minmay_temple_entry_from_below_a, uniq_blork_the_orc
D:7:      lemuel_ice_statue, gammafunk_pakellas_cloud_experiment,
          grunt_temple_overflow_diamond, gup_ossuary_entry_pyramid,
          uniq_crazy_yiuf_cottage
Sewer:    sewer_co_15_rooms
Ossuary:  ossuary_tomb_2

Skill      XL: |  1  2  3  4  5  6  7  8 |
---------------+-------------------------+-----
Stealth        | 2 3 4 5 6 8 |  8.5
Unarmed Combat | 4 5 6 7 8 |  8.3
Dodging        | 4 5 |  5.2
Fighting       | |  0.8
Spellcasting   | |  2.0
Transmutations | |  2.1

Action                   |  1- 3 |  4- 6 |  7- 9 || total
-------------------------+-------+-------+-------++-------
Melee: Unarmed           |   128 |   118 |   172 ||   418
       Bite              |    10 |    26 |    27 ||    63
       Punch             |     1 |     4 |     5 ||    10
       Dagger            |       |   137 |     6 ||   143
       Spear             |       |    14 |    85 ||    99
Evoke: Wand              |       |     2 |     3 ||     5
  Use: Potion            |     9 |    11 |    19 ||    39
       Scroll            |     2 |       |       ||     2
 Stab: Sleeping          |     1 |       |       ||     1
Armor: Robe              |     1 |       |       ||     1
       Plate armour      |   127 |   218 |   153 ||   498
Dodge: Dodged            |    12 |    29 |    29 ||    70
